 Dungeon Crawl Stone Soup version 0.30-a0-989-g0d87f670db (webtiles) character file.

Game seed: 14172015742337992749

408 dolemite99 the Cleaver (level 6, -10/50 HPs)
             Began as a Hill Orc Reaver on Apr 3, 2023.
             Was a Priest of Makhleb.
             Mangled by a gnoll sergeant
             ... wielding a +2 trident of flaming
              (11 damage)
             ... on level 4 of the Dungeon.
             The game lasted 00:04:30 (3933 turns).

dolemite99 the Cleaver (Hill Orc Reaver)            Turns: 3933, Time: 00:04:31

Health: -10/50     AC:  6    Str: 17    XL:     6   Next: 88%
Magic:  8/8        EV:  9    Int: 13    God:    Makhleb [***...]
Gold:   168        SH:  0    Dex:  9    Spells: 7/8 levels left

rFire   + . .      SeeInvis .    a - +2 hand axe
rCold   . . .      Faith    .    (no shield)
rNeg    . . .      Spirit   .    k - +0 scale mail
rPois   .          Reflect  .    (no helmet)
rElec   .          Rampage  .    (no cloak)
rCorr   .                        (no gloves)
Will    .....                    (no boots) Stlth
                                 d - amulet of magic regeneration
HPRegen 0.28/turn                c - ring of protection from fire
MPRegen 0.51/turn                (no ring)

@: studying Dodging
A: no striking features
a: Renounce Religion, Minor Destruction, Lesser Servant of Makhleb


You were on level 4 of the Dungeon.
You worshipped Makhleb.
Makhleb was most pleased with you.
You visited 1 branch of the dungeon, and saw 5 of its levels.

You collected 168 gold pieces.

Inventory:

Hand Weapons
 a - a +2 hand axe (weapon)
 e - a +0 mace of protection
 s - a +0 sling
Missiles
 v - 9 poisoned darts
Armour
 b - a +0 leather armour
 f - a +0 ring mail
 h - a +0 pair of gloves
 k - a +0 scale mail (worn)
 p - the +1 leather armour of Greater Demons {Str+2 Stlth+}
   (You found it on level 3 of the Dungeon)

   Str:       It affects your strength (+2).
   Stlth:     It makes you more stealthy.
Jewellery
 c - a ring of protection from fire (left hand)
 d - an amulet of magic regeneration (around neck)
 o - a ring of positive energy
Scrolls
 g - a scroll of enchant armour {unknown}
 l - 2 scrolls of identify {unknown}
 m - a scroll of immolation {unknown}
 n - a scroll of noise {unknown}
 q - a scroll of teleportation {unknown}
 u - a scroll of blinking {unknown}
Potions
 i - a potion of haste {unknown}
 j - 2 potions of curing {unknown}
 r - a potion of attraction {unknown}
 t - a potion of lignification {unknown}
 w - a potion of mutation {unknown}
 x - 2 potions of brilliance {unknown}


   Skills:
 - Level 2.4 Fighting
 + Level 9.9 Axes
 - Level 1.5 Dodging
 - Level 1.5 Spellcasting
 - Level 3.0 Conjurations


You had 7 spell levels left.
You knew the following spells:

 Your Spells              Type           Power      Damage    Failure   Level
a - Kiss of Death         Conj/Necr      16%        2d6       47%         1

Your spell library contained the following spells:

 Spells                   Type           Power      Damage    Failure   Level
 Momentum Strike          Conj/Tloc      8%         3d8       63%         2
 Hailstorm                Conj/Ice       4%         3d4       85%         3


Dungeon Overview and Level Annotations

Branches:
Dungeon (5/15)
 Temple: D:4-7

Altars:
Ashenzari
Makhleb

Portals:
Abyss: D:4

Annotations:
D:4 2 transporters, bande's ghost, amateur GrFi


Message History

HP restored.
There is a stone staircase leading up, spattered with blood here.
Found 7 gold pieces.
Found a fizzy blue potion.
A gnoll sergeant comes into view. It is wielding a +2 trident of flaming.
You see here 7 gold pieces.
A gnoll comes into view. It is wielding a +0 spear.
The gnoll shouts!
You hear a shout! x2
A gnoll comes into view. It is wielding a +0 flail.
The gnoll sergeant hits you from afar with a +2 trident of flaming.
A gnoll comes into view. It is wielding a +0 flail.
A gnoll comes into view. It is wielding a +0 whip.
The gnoll sergeant hits you from afar with a +2 trident of flaming!
The gnoll sergeant burns you.
There is a stone staircase leading up, spattered with blood here.
The gnoll sergeant hits you with a +2 trident of flaming!
The gnoll sergeant burns you.
There is a stone staircase leading up, spattered with blood here.
The gnoll barely misses you.
You climb upwards.
Level annotation: 2 transporters, bande's ghost, amateur GrFi
There is a stone staircase leading down here.
You hit the gnoll sergeant. You punch the gnoll sergeant.
The gnoll sergeant is lightly wounded.
The gnoll sergeant barely misses you.
You hit the gnoll sergeant.
The gnoll sergeant is moderately wounded.
The gnoll sergeant hits you with a +2 trident of flaming!
You hit the gnoll sergeant but do no damage.
The gnoll sergeant is moderately wounded.
You hit the gnoll sergeant but do no damage.
The gnoll sergeant is moderately wounded.
The gnoll sergeant hits you with a +2 trident of flaming!
* * * LOW HITPOINT WARNING * * *
The gnoll sergeant burns you.
* * * LOW HITPOINT WARNING * * *
You barely miss the gnoll sergeant.
The gnoll sergeant is moderately wounded.
The gnoll sergeant hits you with a +2 trident of flaming!
You die...

..#.......#.......#
#.#.#####.#.#####.##
#.#.#...#.#.#...#..#
#.#...#.#.#...#.##.#
#.#####.#.#####.##.#
#.......#.......##.#
##################.#### ### ....#
##.....## #.# ....########
##@......## #####.. .).........##
#.g.......###......
..>......[..###.............#####
...........................##
...........................#
.............####....###...#
..........########..##5##..#
..........#55..# #.## #5#..#
..........##x##..###5.5##..#


You could see a gnoll sergeant.

Vanquished Creatures
  A black bear (D:4)
  A scorpion (D:4)
  An orc priest (D:4)
  2 iguanas
  An orc wizard (D:4)
  4 adders
  A shadow imp (D:5)
  3 worms (D:2)
  A dart slug (D:4)
  13 orcs
  9 endoplasms
  3 giant cockroaches
  9 goblins
  4 hobgoblins
  2 jackals (D:2)
  3 quokkas
  8 ball pythons
  4 bats
  10 kobolds
  6 rats
86 creatures vanquished.

Notes
Turn   | Place    | Note
-------+----------+-------------------------------------------
     0 | D:1      | dolemite99 the Hill Orc Reaver began the quest for the Orb.
     0 | D:1      | Reached XP level 1. HP: 18/18 MP: 3/3
   279 | D:1      | Reached XP level 2. HP: 17/25 MP: 4/4
   560 | D:1      | Found a faded altar of an unknown god.
   577 | D:1      | Reached skill level 5 in Axes
   701 | D:1      | Prayed at the altar of an unknown god.
   701 | D:1      | Became a worshipper of Makhleb the Destroyer
   701 | D:1      | Reached * piety under Makhleb
   933 | D:2      | Reached XP level 3. HP: 24/30 MP: 5/5
  1149 | D:2      | Reached skill level 6 in Axes
  1200 | D:2      | Reached ** piety under Makhleb
  1359 | D:2      | Reached XP level 4. HP: 37/37 MP: 6/6
  1952 | D:3      | Identified the +1 leather armour of Greater Demons {Str+2
                  | Stlth+}
  2573 | D:4      | Found a transporter.
  2576 | D:4      | Noticed a scorpion
  2590 | D:3      | Reached skill level 7 in Axes
  2839 | D:4      | Reached XP level 5. HP: 42/42 MP: 7/7
  2856 | D:4      | Reached skill level 8 in Axes
  3060 | D:4      | Reached XP level 6. HP: 45/50 MP: 8/8
  3225 | D:4      | Noticed a small abomination
  3270 | D:4      | Noticed bande's ghost (amateur GrFi)
  3342 | D:4      | Reached skill level 9 in Axes
  3405 | D:4      | Found a broken altar of Ashenzari.
  3626 | D:4      | Found a transporter.
  3629 | D:4      | Found a one-way gate to the infinite horrors of the Abyss.
  3646 | D:4      | Noticed a black bear
  3663 | D:4      | Killed a black bear
  3663 | D:4      | Reached *** piety under Makhleb
  3830 | D:5      | Entered Level 5 of the Dungeon
  3932 | D:4      | HP: 1/50 [gnoll sergeant/+2 trident of flaming (3)]
  3933 | D:4      | Mangled by a gnoll sergeant

Illustrated notes

Levels and vault maps discovered:
D:1:      roderic_chinese_lattice_arrival, layout_rooms,
          hellmonk_ecumenical_altar_zigzags
D:2:      layout_loops_cross
D:3:      layout_basic
D:4:      layout_rooms, mainiacjoe_overflow_brackets,
          gammafunk_ghost_abyssal_escape, patterned_corridor
D:5:      layout_cave_pools, overflow_temple_1_default, nicolae_overflow_squiral

Skill      XL: |  1  2  3  4  5  6 |
---------------+-------------------+-----
Axes           | 5 6 7 8 9 |  9.9
Fighting       | |  2.4
Dodging        | |  1.5
Spellcasting   | |  1.5
Conjurations   | |  3.0

Action                     |  1- 3 |  4- 6 || total
---------------------------+-------+-------++-------
  Melee: Hand axe          |   105 |   146 ||   251
         Punch             |     1 |     2 ||     3
  Evoke: Wand              |       |     7 ||     7
    Use: Scroll            |     2 |     1 ||     3
 Armour: Leather armour    |    10 |       ||    10
         Ring mail         |    25 |    44 ||    69
  Dodge: Dodged            |    51 |    83 ||   134

Table legend: (Time is in decaauts)
 A = Elapsed time spent in this place.
 B = Non-inter-level travel time spent in this place.
 C = Inter-level travel time spent in this place.
 D = Time resting spent in this place.
 E = Time spent auto-exploring this place.
 F = Levels seen in this place.
 G = Mean time per level.
                   A        B        C        D        E       F      G
               +--------+--------+--------+--------+--------+-----+--------+
         Total |   3923 |   3619 |    304 |    963 |   1795 |   5 |  784.6 |
       Dungeon |   3923 |   3619 |    304 |    963 |   1795 |   5 |  784.6 |
               +--------+--------+--------+--------+--------+-----+--------+

Top non-repeatable levels by time:
     D:4: 1015 daAuts
     D:3: 961 daAuts
     D:2: 925 daAuts
     D:1: 925 daAuts
     D:5: 96 daAuts
